 Dungeon Crawl Stone Soup version 0.32-a0-17-gb74e046682 (webtiles) character file.

Game seed: 12431963509620696274

18119 octoduck the Grappler (level 12, -16/89 HPs)
             Began as a Gnoll Shapeshifter on Jan 16, 2024.
             Was the Champion of Wu Jian.
             Demolished by Rupert
             ... wielding a +0 heavy great mace
              (37 damage)
             ... on level 4 of the Lair of Beasts on Jan 20, 2024.
             The game lasted 00:53:56 (15328 turns).

octoduck the Grappler (Gnoll Shapeshifter)         Turns: 15328, Time: 00:53:57

Health: -16/89     AC: 12    Str: 17    XL:     12   Next: 55%
Magic:  8/23       EV: 13    Int: 11    God:    Wu Jian [******]
Gold:   946        SH:  0    Dex: 12    Spells: 4/26 levels left

rFire   . .          .
                       - Unarmed
rCold   + . .        (shield currently unavailable)
rNeg    . . .        o - +0 scale mail
rPois   .            p - +2 hat
rElec   .            P - +2 cloak {Will+}
rCorr   .            S - melded +1 pair of gloves
SInv    .            B - +0 pair of boots
Will    ++...        F - amulet of faith
Stlth   ++           h - ring of Vullo {rC+ Will+}
HPRegen 0.34/turn    y - +4 ring of protection
MPRegen 0.18/turn

%: faith
@: blade hands, unable to call your familiar
A: reduced hp, fangs 1, strong nose, distributed training
a: Begin Untransformation, Renounce Religion, Wall Jump, Serpent's Lash,
Heavenly Storm


You were on level 4 of the Lair of Beasts.
You worshipped Wu Jian.
Wu Jian was exalted by your worship.
You had blades for hands.
You visited 3 branches of the dungeon, and saw 15 of its levels.

You collected 1934 gold pieces.
You spent 988 gold pieces at shops.

Inventory:

Missiles
 r - 3 curare-tipped darts
 w - a throwing net (quivered)
 G - 4 datura-tipped darts
Armour
 o - a +0 scale mail (worn)
 p - a +2 hat (worn)
 B - a +0 pair of boots (worn)
 P - a +2 cloak of willpower (worn)
 S - a +1 pair of gloves (melded)
Jewellery
 e - a +6 ring of intelligence
 h - the ring of Vullo (left blade hand) {rC+ Will+}
   (You acquired it on level 1 of the Dungeon)

   [ring of protection from cold]

   rC+:       It protects you from cold.
   Will+:     It increases your willpower.
 t - a ring of wizardry
 y - a +4 ring of protection (right blade hand)
 F - an amulet of faith (around neck)
 H - the amulet of Elemental Vulnerability {rPois rF-- rC-- AC+8}
   (You found it on level 7 of the Dungeon)

   [amulet of nothing]

   AC+8:      It affects your AC (+8).
   rF--:      It makes you very vulnerable to fire.
   rC--:      It makes you very vulnerable to cold.
   rPois:     It protects you from poison
 L - a ring of poison resistance
Talismans
 c - a beast talisman
 d - a flux talisman
 v - a blade talisman (active)
 z - a maw talisman
Wands
 l - a wand of flame (37)
 q - a wand of charming (12)
 E - a wand of mindburst (9)
 J - a wand of light (7)
Scrolls
 g - 3 scrolls of immolation
 i - a scroll of noise
 j - 2 scrolls of poison
 k - 2 scrolls of vulnerability
 s - 3 scrolls of silence
 x - a scroll of brand weapon
 D - a scroll of amnesia
 I - a scroll of teleportation
 O - a scroll of enchant weapon {unknown}
Potions
 b - 2 potions of lignification
 f - 3 potions of mutation
 n - a potion of enlightenment
 u - 2 potions of berserk rage
 A - 2 potions of resistance
 K - 2 potions of might
 Q - a potion of curing {unknown}
 R - a potion of brilliance {unknown}
Miscellaneous
 a - a box of beasts (inert)


   Skills:
 + Level 8.1 Fighting
 + Level 7.7 Short Blades
 + Level 7.7 Long Blades
 + Level 7.7 Axes
 + Level 7.7 Maces & Flails
 + Level 7.7 Polearms
 + Level 7.7 Staves
 + Level 7.7 Ranged Weapons
 + Level 7.7 Throwing
 + Level 7.7 Armour
 + Level 9.0 Dodging
 + Level 7.7 Stealth
 + Level 7.7 Shields
 + Level 10.1 Unarmed Combat
 + Level 7.7 Spellcasting
 + Level 6.3 Conjurations
 + Level 6.3 Hexes
 + Level 6.3 Summonings
 + Level 6.3 Necromancy
 + Level 6.3 Translocations
 + Level 6.3 Fire Magic
 + Level 6.3 Ice Magic
 + Level 6.3 Air Magic
 + Level 6.3 Earth Magic
 + Level 6.3 Alchemy
 + Level 8.4 Invocations
 + Level 7.7 Evocations
 + Level 9.6 Shapeshifting


You had 4 spell levels left.
You knew the following spells:

 Your Spells              Type           Power      Damage    Failure   Level
a - Summon Ice Beast      Ice/Summ       18%        N/A       11%         3
b - Sigil of Binding      Hex            18%        N/A       11%         3
c - Call Canine Familiar  Summ           18%        N/A       11%         3
d - Frozen Ramparts       Ice            36%        1d6       11%         3
e - Swiftness             Air            18%        N/A       11%         3
f - Fugue of the Fallen   Necr           18%        N/A       11%         3
g - Iskenderun's Mystic   Conj/Tloc      18%        2d6       34%         4

Your spell library contained the following spells:

 Spells                   Type           Power      Damage    Failure   Level
 Freeze                   Ice            72%        1d8       3%          1
 Kiss of Death            Conj/Necr      72%        2d10      3%          1
 Shock                    Conj/Air       72%        1d7       3%          1
 Sting                    Conj/Alch      72%        1d7       3%          1
 Call Imp                 Summ           36%        N/A       5%          2
 Ensorcelled Hibernation  Hex/Ice        36%        N/A       5%          2
 Mercury Vapours          Alch/Air       36%        N/A       5%          2
 Sublimation of Blood     Necr           18%        N/A       5%          2
 Confusing Touch          Hex            18%        N/A       11%         3
 Hailstorm                Conj/Ice       18%        3d7       11%         3
 Tukima's Dance           Hex            18%        N/A       11%         3
 Airstrike                Air            9%         2d(2-18)  34%         4
 Anguish                  Hex/Necr       9%         N/A       34%         4
 Animate Dead             Necr           18%        N/A       34%         4
 Dimensional Bullseye     Hex/Tloc       9%         N/A       34%         4
 Dispel Undead            Necr           18%        3d11      34%         4
 Olgreb's Toxic Radiance  Alch           18%        N/A       34%         4
 Summon Mana Viper        Hex/Summ       18%        N/A       67%         5
 Haunt                    Necr/Summ      9%         N/A       100%        7
 Monstrous Menagerie      Summ           9%         N/A       100%        7
 Summon Hydra             Summ           9%         N/A       100%        7
 Infestation              Necr           9%         N/A       100%        8


Dungeon Overview and Level Annotations

Branches:
Dungeon (10/15)            Temple (1/1) D:4            Lair (4/5) D:9
 Shoals (0/4) Lair:2        Snake (0/4) Lair:3        Slime (0/5) Lair:4
    Orc (0/2) D:10

Altars:
Ashenzari
Cheibriados
Dithmenos
Elyvilon
Fedhas
Gozag
Hepliaklqana
Kikubaaqudgha
Makhleb
Nemelex Xobeh
Okawaru
Qazlal
Ru
Sif Muna
Trog
Uskayaw
Vehumet
Wu Jian
Xom
Yredelemnul
Zin
The Shining One
Jiyva

Shops:
D:9 *

Portals:
Abyss: D:8

Annotations:
D:8 2 transporters, ggggg's ghost, novice HOFi
Lair:3 exclusion: hydra
Lair:4 1 runed translucent door, Rupert


Innate Abilities, Weirdness & Mutations

You have blades for hands.
Your maximum health is decreased, since you lack skill for your form.
You are incapable of wielding weapons or throwing items.
You have very sharp teeth.
Your uncanny sense of smell can sniff out nearby items.
Your experience applies equally to all skills.


Message History

Rupert hits you with a +0 heavy great mace!!
Casting: Summon Ice Beast (dangerous; 11% risk of failure)
Confirm with . or Enter, or press ? or * to list all spells.
You call for your canine familiar and it appears with a howl!
You hit Rupert but do no damage.
The wall freezes Rupert but does no damage.
Rupert roars madly and goes into a rage!
Rupert goes berserk!
You slice Rupert!!
Rupert is lightly wounded.
The wall freezes Rupert but does no damage.
Rupert hits you with a +0 heavy great mace!!!
Ouch! That really hurt!
* * * LOW HITPOINT WARNING * * *
Your inugami hits Rupert but does no damage.
You swap places.
The frozen ramparts melt away as you move.
Rupert hits something with a +0 heavy great mace!!
Your ice beast hits Rupert but does no damage.
Rupert hits your ice beast with a +0 heavy great mace!!!
Your ice beast dies!
Your ice beast disappears in a puff of smoke!
Your magical contamination has completely faded away.
Aiming: Bolt of Light
Press: ? - help, Shift-Dir - straight line, f - Rupert
Aim: Rupert, wielding a +0 heavy great mace and wearing a +4 chain mail of cold resistance (lightly wounded, berserk, unaware, hasn't noticed you, 81% to hit)
The bolt of light hits Rupert!!
Rupert is moderately wounded.
Rupert is blinded.
Aiming: Charm
Press: ? - help, Shift-Dir - straight line, f/p - Rupert
Aim: Rupert, wielding a +0 heavy great mace and wearing a +4 chain mail of cold resistance (black smoke, moderately wounded, berserk, blind, unable to see you, chance to affect: 8%)
Okay, then.
Unknown command.
You open the lid... ...and a juvenile shockox beast leaps out!
The box is emptied!
Rupert hits you with a +0 heavy great mace!!!
You die...
Rupert roars with triumph.

,,,,,,,,* **,,,* #.....#.#
,,,,,,,** *,,*** ##.#.####
,,,,,,***###*,######## ####.####
,*,*^,,,*#P.#+#.#.#..######÷+####
,,,,,,,,*#.............#..†......
,,,,,,,#*#.............#.†.......
,,,,,,,+.+.............#.........
,,,,,,,*#P....H..................
,,,,,,,*#.......@........#.......
,**,****###+.##@##.##########P..#
**,*** #....##### ##... ,,**,*
#.....# ##.. ,,,,,* #.#...#* *...
*,,*+*****#*###.@**** ****..#
,,,,,,,,,*,***....,,* **,,,,,,
**,,,,*,+,,,*,####.*******,,,,,,,
,,,,,,,,,,,,,,,,,,..,**,*,,,,,,,,


You could see Rupert (berserk, blind, unable to see you, ally target) and a
friendly juvenile shockox beast (summoned).

Vanquished Creatures
  2 two-headed ogres
  Maurice (D:10)
  2 mutant beasts (D:8)
  An elephant (D:9)
  2 black mambas
  3 cane toads
  2 komodo dragons
  A rime drake (Lair:2)
  A polar bear (Lair:2)
  A merfolk (Lair:2)
  3 wyverns
  4 slime creatures (D:9)
  21 yaks
  3 basilisks
  A warg (D:10)
  2 steam dragons
  Edmund (D:4)
  A naga (Lair:3)
  An acid dragon (D:10)
  5 water moccasins
  An ice beast (D:6)
  A sky beast (D:6)
  4 orc warriors
  3 wolves (Lair:3)
  6 centaurs
  4 ogres
  3 phantoms
  A kobold brigand (D:8)
  10 bullfrogs
  2 gnoll sergeants (D:8)
  4 scorpions
  2 wights (D:7)
  2 killer bees (D:7)
  3 howler monkeys
  5 hounds
  2 bombardier beetles
  2 jellies (D:7)
  Crazy Yiuf (D:3)
  6 orc priests
  A gnoll bouda (D:8)
  6 iguanas
  3 sleepcaps
  Ijyb (D:5)
  7 orc wizards
  A nameless horror (Lair:4)
  10 gnolls (D:8)
  11 adders
  2 ufetubi (D:6)
  2 ribbon worms
  40 orcs
  9 endoplasms
  4 giant cockroaches
  5 goblins
  5 hobgoblins
  2 quokkas (D:4)
  10 ball pythons
  9 bats
  3 frilled lizards
  6 kobolds
  A rat (D:2)
258 creatures vanquished.

Vanquished Creatures (collateral kills)
  A water nymph (Lair:2)
  A black mamba (Lair:2)
  A komodo dragon (D:9)
  A troll (D:10)
  2 slime creatures (D:9)
  6 yaks
  A water moccasin (Lair:1)
  An acid dragon (D:10)
  2 centaurs
  A bullfrog (Lair:4)
  A scorpion (D:9)
  A wight (D:7)
  3 killer bees (D:7)
  An orc priest (D:10)
  A sleepcap (D:6)
  2 orc wizards (D:8)
  A mutant beast (D:8)
  3 gnolls (D:8)
  3 orcs
33 creatures vanquished.

Vanquished Creatures (others)
  A mutant beast (D:8)
  A goblin (D:4)
2 creatures vanquished.

Grand Total: 293 creatures vanquished

Notes
Turn   | Place    | Note
-------+----------+-------------------------------------------
     0 | D:1      | octoduck the Gnoll Shapeshifter began the quest for the
                  | Orb.
     0 | D:1      | Reached XP level 1. HP: 17/17 MP: 1/1
   123 | D:1      | Found a faded altar of an unknown god.
   127 | D:1      | Prayed at the altar of an unknown god.
   127 | D:1      | Became a worshipper of the Wu Jian Council
   127 | D:1      | Reached * piety under Wu Jian
   258 | D:1      | Reached XP level 2. HP: 23/23 MP: 2/2
   622 | D:1      | Identified a scroll of acquirement
   624 | D:1      | Acquired the ring of Vullo {rC+ Will+}
   743 | D:2      | Reached XP level 3. HP: 27/28 MP: 3/3
   879 | D:2      | Reached skill level 1 in Invocations
   996 | D:2      | Reached skill level 1 in Short Blades
   996 | D:2      | Reached skill level 1 in Long Blades
   996 | D:2      | Reached skill level 1 in Axes
   996 | D:2      | Reached skill level 1 in Maces & Flails
   996 | D:2      | Reached skill level 1 in Polearms
   996 | D:2      | Reached skill level 1 in Staves
   996 | D:2      | Reached skill level 1 in Ranged Weapons
   996 | D:2      | Reached skill level 1 in Throwing
   996 | D:2      | Reached skill level 1 in Armour
   996 | D:2      | Reached skill level 1 in Stealth
   996 | D:2      | Reached skill level 1 in Shields
   996 | D:2      | Reached skill level 1 in Spellcasting
   996 | D:2      | Reached skill level 1 in Evocations
  1083 | D:2      | Reached XP level 4. HP: 34/34 MP: 5/5
  1096 | D:2      | Reached ** piety under Wu Jian
  1547 | D:3      | Reached skill level 1 in Conjurations
  1547 | D:3      | Reached skill level 1 in Hexes
  1547 | D:3      | Reached skill level 1 in Summonings
  1547 | D:3      | Reached skill level 1 in Necromancy
  1547 | D:3      | Reached skill level 1 in Translocations
  1547 | D:3      | Reached skill level 1 in Fire Magic
  1547 | D:3      | Reached skill level 1 in Ice Magic
  1547 | D:3      | Reached skill level 1 in Air Magic
  1547 | D:3      | Reached skill level 1 in Earth Magic
  1547 | D:3      | Reached skill level 1 in Alchemy
  1551 | D:3      | Noticed a phantom
  1564 | D:3      | Killed a phantom
  1565 | D:3      | Reached XP level 5. HP: 33/41 MP: 5/7
  2129 | D:3      | Found a runed translucent door.
  2130 | D:3      | Noticed Crazy Yiuf
  2144 | D:3      | Killed Crazy Yiuf
  2380 | D:4      | Reached XP level 6. HP: 47/47 MP: 8/8
  2420 | D:4      | Reached skill level 5 in Dodging
  2518 | D:4      | Noticed Edmund
  2532 | D:4      | Killed Edmund
  2533 | D:4      | Reached skill level 7 in Unarmed Combat
  2533 | D:4      | Reached XP level 7. HP: 19/52 MP: 10/10
  2998 | D:4      | Found a staircase to the Ecumenical Temple.
  3029 | Temple   | Entered the Ecumenical Temple
  3305 | D:4      | HP: 2/53 [poisoned by a scorpion]
  3315 | D:4      | Reached *** piety under Wu Jian
  3871 | D:5      | Entered Level 5 of the Dungeon
  4057 | D:5      | Reached XP level 8. HP: 60/60 MP: 12/12
  4935 | D:5      | Learned a level 3 spell: Summon Ice Beast
  4939 | D:5      | Learned a level 3 spell: Sigil of Binding
  5060 | D:5      | Found a shimmering altar of Xom.
  5136 | D:5      | Found a radiant altar of Vehumet.
  5146 | D:5      | Found a sparkling altar of Nemelex Xobeh.
  5153 | D:5      | Reached XP level 9. HP: 66/66 MP: 14/14
  5203 | D:5      | Noticed Ijyb
  5218 | D:5      | Killed Ijyb
  5410 | D:6      | Reached skill level 5 in Fighting
  5555 | D:6      | Learned a level 3 spell: Call Canine Familiar
  5559 | D:6      | Learned a level 3 spell: Frozen Ramparts
  5563 | D:6      | Learned a level 3 spell: Swiftness
  5890 | D:6      | Reached skill level 8 in Unarmed Combat
  6060 | D:6      | Reached skill level 5 in Invocations
  6624 | D:7      | Found the amulet of Elemental Vulnerability {rPois rF--
                  | rC-- AC+8}
  6626 | D:7      | You fall into a shaft and drop 2 floors!
  6720 | D:9      | Noticed a two-headed ogre
  6758 | D:9      | Killed a two-headed ogre
  6758 | D:9      | Reached **** piety under Wu Jian
  6759 | D:9      | Reached skill level 5 in Short Blades
  6759 | D:9      | Reached skill level 5 in Long Blades
  6759 | D:9      | Reached skill level 5 in Axes
  6759 | D:9      | Reached skill level 5 in Maces & Flails
  6759 | D:9      | Reached skill level 5 in Polearms
  6759 | D:9      | Reached skill level 5 in Staves
  6759 | D:9      | Reached skill level 5 in Ranged Weapons
  6759 | D:9      | Reached skill level 5 in Throwing
  6759 | D:9      | Reached skill level 5 in Armour
  6759 | D:9      | Reached skill level 5 in Stealth
  6759 | D:9      | Reached skill level 5 in Shields
  6759 | D:9      | Reached skill level 5 in Spellcasting
  6759 | D:9      | Reached skill level 5 in Evocations
  6759 | D:9      | Reached XP level 10. HP: 76/76 MP: 8/17
  7155 | D:9      | Noticed an elephant
  7164 | D:9      | Killed an elephant
  7365 | D:9      | Found a staircase to the Lair.
  7425 | D:8      | Found a basalt altar of Yredelemnul.
  7427 | D:8      | Noticed a two-headed ogre
  7456 | D:8      | Killed a two-headed ogre
  7542 | D:8      | Acquired 969 gold pieces
  7562 | D:8      | Found a transporter.
  7572 | D:8      | Noticed a death drake
  7574 | D:8      | Noticed ggggg's ghost (novice HOFi)
  7832 | D:7      | Identified the +9 shortbow of Ichyddu {antimagic, Int+3
                  | Stlth+}
  8354 | D:7      | Reached skill level 9 in Unarmed Combat
  8617 | D:7      | Reached skill level 5 in Conjurations
  8617 | D:7      | Reached skill level 5 in Hexes
  8617 | D:7      | Reached skill level 5 in Summonings
  8617 | D:7      | Reached skill level 5 in Necromancy
  8617 | D:7      | Reached skill level 5 in Translocations
  8617 | D:7      | Reached skill level 5 in Fire Magic
  8617 | D:7      | Reached skill level 5 in Ice Magic
  8617 | D:7      | Reached skill level 5 in Air Magic
  8617 | D:7      | Reached skill level 5 in Earth Magic
  8617 | D:7      | Reached skill level 5 in Alchemy
  8731 | D:8      | Reached XP level 11. HP: 68/83 MP: 17/20
  8740 | D:8      | Reached ***** piety under Wu Jian
  9593 | D:8      | Found a one-way gate to the infinite horrors of the Abyss.
  9746 | D:8      | Found a transporter.
  9772 | D:8      | Noticed a juvenile stingfire beast
 10209 | D:9      | Found Weoneinu's General Store.
 10217 | D:9      | Bought a scroll of blinking for 127 gold pieces
 10217 | D:9      | Bought a scroll of revelation for 127 gold pieces
 10217 | D:9      | Bought a book of Dreams for 408 gold pieces
 10217 | D:9      | Bought a wand of charming (8) for 326 gold pieces
 10221 | D:9      | Learned a level 3 spell: Fugue of the Fallen
 10358 | D:9      | Found a stormy altar of Qazlal.
 10440 | D:8      | Killed a juvenile stingfire beast
 10575 | D:10     | Entered Level 10 of the Dungeon
 10778 | D:10     | Found a staircase to the Orcish Mines.
 11878 | D:10     | Noticed Maurice
 11904 | D:10     | Maurice stole 346 gold
 11912 | D:10     | Killed Maurice
 12108 | Lair:1   | Entered Level 1 of the Lair of Beasts
 12254 | Lair:1   | Learned a level 4 spell: Iskenderun's Mystic Blast
 12653 | Lair:1   | You fall into a shaft and drop 1 floor!
 13045 | Lair:2   | Found a staircase to the Shoals.
 13133 | Lair:2   | Reached XP level 12. HP: 91/91 MP: 18/22
 14345 | Lair:3   | Found a staircase to the Snake Pit.
 14346 | Lair:3   | Found the +6 Majin-Bo {spellvamp, MP+6 Int+6}
 14524 | Lair:3   | Noticed a four-headed hydra
 14559 | Lair:1   | Reached ****** piety under Wu Jian
 14622 | Lair:3   | Reached skill level 10 in Unarmed Combat
 14681 | Lair:3   | Noticed a seven-headed hydra
 14697 | Lair:3   | Noticed a skyshark
 14718 | Lair:3   | Noticed a catoblepas
 14766 | Lair:4   | Found a runed translucent door.
 15011 | Lair:4   | Noticed an acid blob
 15011 | Lair:4   | Found a viscous altar of Jiyva.
 15011 | Lair:4   | Found a staircase to the Slime Pits.
 15313 | Lair:4   | Noticed Rupert
 15328 | Lair:4   | Demolished by Rupert

Illustrated notes

Levels and vault maps discovered:
D:1:      dpeg_arrival_rooms_with_view, layout_loops_ring,
          hellmonk_ecumenical_altar_heavens_door, kennysheep_boxes
D:2:      layout_basic
D:3:      layout_basic, uniq_crazy_yiuf_cottage
D:4:      minmay_octagon_keep, layout_loops_corners, minmay_temple_entry_trees,
          uniq_edmund
D:5:      layout_rooms, xom_butterflies, jmf_multi_god_temple2,
          kb_lookout_dungeons_type, uniq_ijyb
D:6:      layout_rooms, grunt_decor_junction, minmay_misc_feat_chi
D:7:      layout_loops_corners, kennysheep_generic_room_9
D:8:      layout_basic, mainiacjoe_overflow_concentric_impassable,
          gammafunk_ghost_abyssal_escape, nicolae_beast_mode
D:9:      layout_grid_maze, mainiacjoe_overflow_tiny_flanked,
          grunt_lair_entry_orc_guard_hut, serial_shops, nicolae_shop_crystal
D:10:     layout_loops_corners, david_orc_3, kennysheep_doodads, uniq_maurice
Temple:   minmay_temple_bridge_d
Lair:1:   layout_misc_corridors, lemuel_fruit_tree, grunt_megastairs_2
Lair:2:   layout_regular_city, nicolae_shoals_entry_flooding
Lair:3:   layout_misc_corridors, minmay_snake_entry_guardpost_small,
          enter_volcano_2, hellmonk_ghost_happy_afterlife
Lair:4:   layout_roguey, slime_entry_2, uniq_rupert

Skill      XL: |  1  2  3  4  5  6  7  8  9 10 11 12 |
---------------+-------------------------------------+-----
Invocations    | 1 2 3 4 5 6 7 8 |  8.4
Short Blades   | 1 2 3 5 6 7 |  7.7
Long Blades    | 1 2 3 5 6 7 |  7.7
Axes           | 1 2 3 5 6 7 |  7.7
Maces & Flails | 1 2 3 5 6 7 |  7.7
Polearms       | 1 2 3 5 6 7 |  7.7
Staves         | 1 2 3 5 6 7 |  7.7
Ranged Weapons | 1 2 3 5 6 7 |  7.7
Throwing       | 1 2 3 5 6 7 |  7.7
Armour         | 1 2 3 5 6 7 |  7.7
Stealth        | 1 2 3 5 6 7 |  7.7
Shields        | 1 2 3 5 6 7 |  7.7
Spellcasting   | 1 2 3 5 6 7 |  7.7
Evocations     | 1 2 3 5 6 7 |  7.7
Conjurations   | 1 2 3 4 5 6 |  6.3
Hexes          | 1 2 3 4 5 6 |  6.3
Summonings     | 1 2 3 4 5 6 |  6.3
Necromancy     | 1 2 3 4 5 6 |  6.3
Translocations | 1 2 3 4 5 6 |  6.3
Fire Magic     | 1 2 3 4 5 6 |  6.3
Ice Magic      | 1 2 3 4 5 6 |  6.3
Air Magic      | 1 2 3 4 5 6 |  6.3
Earth Magic    | 1 2 3 4 5 6 |  6.3
Alchemy        | 1 2 3 4 5 6 |  6.3
Fighting       | 3 4 5 6 7 8 |  8.1
Dodging        | 5 6 7 8 9 |  9.0
Unarmed Combat | 7 8 9 10 | 10.1
Shapeshifting  | 7 8 9 |  9.6

Action                     |  1- 3 |  4- 6 |  7- 9 | 10-12 || total
---------------------------+-------+-------+-------+-------++-------
  Melee: Unarmed           |    54 |    90 |   304 |   490 ||   938
         Bite              |     2 |    11 |    46 |    66 ||   125
         Punch             |     1 |     2 |     4 |     4 ||    11
   Cast: Call Canine Famil |       |       |     8 |    21 ||    29
         Summon Ice Beast  |       |       |     6 |    36 ||    42
         Sigil of Binding  |       |       |     3 |     2 ||     5
         Frozen Ramparts   |       |       |     2 |    28 ||    30
         Swiftness         |       |       |     1 |       ||     1
         Fugue of the Fall |       |       |       |     4 ||     4
         Iskenderun's Myst |       |       |       |     6 ||     6
Ability: Lunge             |     5 |     7 |    14 |    17 ||    43
         Whirlwind         |       |     1 |    10 |    16 ||    27
         Wall Jump         |       |     1 |       |       ||     1
  Evoke: Wand              |       |     3 |    10 |    13 ||    26
         Box of beasts     |       |       |       |     1 ||     1
    Use: Scroll            |     4 |     3 |     3 |    19 ||    29
         Potion            |       |       |     2 |     1 ||     3
   Stab: Distracted        |     1 |       |     2 |     1 ||     4
         Invisible         |       |     1 |       |     2 ||     3
         Sleeping          |       |       |       |     4 ||     4
 Armour: Animal skin       |    15 |     5 |       |       ||    20
         Scale mail        |       |    34 |    25 |    76 ||   135
         Skin              |       |       |    89 |   183 ||   272
  Dodge: Dodged            |    23 |    34 |   176 |   377 ||   610
   Form: Flux              |       |       |     2 |       ||     2
         Beast             |       |       |     1 |       ||     1
         Blade             |       |       |       |     1 ||     1

Table legend: (Time is in decaauts)
 A = Elapsed time spent in this place.
 B = Non-inter-level travel time spent in this place.
 C = Inter-level travel time spent in this place.
 D = Time resting spent in this place.
 E = Time spent auto-exploring this place.
 F = Levels seen in this place.
 G = Mean time per level.
                   A        B        C        D        E       F      G
               +--------+--------+--------+--------+--------+-----+--------+
         Total |  15210 |  14310 |    900 |   4594 |   6374 |  15 | 1014.0 |
       Dungeon |  12020 |  11239 |    781 |   3297 |   5429 |  10 | 1202.0 |
        Temple |      1 |      1 |      0 |      0 |      0 |   1 |    1.0 |
          Lair |   3188 |   3069 |    119 |   1297 |    945 |   4 |  797.0 |
               +--------+--------+--------+--------+--------+-----+--------+

Top non-repeatable levels by time:
     D:4: 1705 daAuts
  Lair:2: 1511 daAuts
    D:10: 1499 daAuts
     D:8: 1449 daAuts
     D:7: 1377 daAuts
     D:9: 1370 daAuts
     D:5: 1210 daAuts
     D:6: 1053 daAuts
     D:3: 975 daAuts
  Lair:1: 957 daAuts
     D:1: 716 daAuts
     D:2: 661 daAuts
  Lair:4: 564 daAuts
  Lair:3: 155 daAuts
  Temple: 1 daAuts
